 Dungeon Crawl Stone Soup version 0.24-a0-584-g9d6b971ae4 (webtiles) character file.

Game seed: 8115921695029632400, levelgen mode: deterministic

26 EnegeticOcto the Magician (level 2, 0/20 HPs)
             Began as a Draconian Wizard on Sept 1, 2019.
             Succumbed to an adder's poison
             ... on level 1 of the Dungeon.
             The game lasted 00:01:25 (1169 turns).

EnegeticOcto the Magician (Draconian Wizard)        Turns: 1169, Time: 00:01:26

Health: 0/20       AC:  4    Str: 14    XL:     2   Next: 89%
Magic:  4/6        EV: 12    Int: 18    God:
Gold:   28         SH:  0    Dex:  9    Spells: 2/7 levels left

rFire    . . .     SeeInvis .   f - +0 dagger
rCold    . . .     Gourm    .   (no shield)
rNeg     . . .     Faith    .   (armour unavailable)
rPois    .         Spirit   .   a - +0 hat
rElec    .         Reflect  .   (no cloak)
rCorr    .         Harm     .   (no gloves)
MR       .....                  (no boots)
Stlth    ++........             (no amulet)
HPRegen  0.06/turn              (no ring)
MPRegen  0.10/turn              (no ring)

@: mighty, lethally poisoned (0 -> -4)
A: unfitting armour, cold-blooded, AC +4
a: no special abilities


You were on level 1 of the Dungeon.
You were hungry.

You visited 1 branch of the dungeon, and saw 2 of its levels.

You collected 28 gold pieces.

Inventory:

Hand Weapons
 f - a +0 dagger (weapon)
Armour
 a - a +0 hat (worn)
Scrolls
 b - a scroll of remove curse {@r2}
 d - a scroll of identify {unknown}
 g - a scroll of teleportation {@r3 !r}
 i - a scroll of fog {unknown}
 j - a scroll of immolation {unknown}
Comestibles
 e - 2 rations


   Skills:
 - Level 1.7 Dodging
 - Level 1.7 Stealth
 - Level 3.0 Spellcasting
 + Level 2.9 Conjurations
 - Level 1.0 Summonings
 - Level 1.0 Translocations


You had 2 spell levels left.
You knew the following spells:

 Your Spells              Type           Power        Failure   Level  Hunger
a - Magic Dart            Conj           ##..         4%          1    None
b - Call Imp              Summ           #.......     16%         2    ##.....
Y - Blink                 Tloc           N/A          16%         2    ##.....

Your spell library contained the following spells:

 Spells                   Type           Power        Failure   Level  Hunger
 Slow                     Hex            #.......     24%         2    ##.....
 Conjure Flame            Conj/Fire      #.......     26%         3    ###....
 Mephitic Cloud           Conj/Pois/Air  #.......     32%         3    ###....


Dungeon Overview and Level Annotations

Branches:
Dungeon (2/15)

Altars:


Innate Abilities, Weirdness & Mutations

Your plain brown scales are hard. (AC +4)
You cannot fit into any form of body armour.
You are cold-blooded and may be slowed by cold attacks.


Message History

Done exploring.
Done exploring.
Done exploring.
Search for what [? for help]? .
As you read the scroll labeled MEHEICVUABBE, it crumbles to dust.
You feel strangely unstable.
It was a scroll of teleportation.
As you read the scroll labeled ERHESTR ZUGOTZ, it crumbles to dust.
You feel blessed for a moment.
It was a scroll of remove curse.
Okay, then.
You start waiting.
Your surroundings seem slightly different.
(D) Dungeon
Where to? (? - help)
You are feeling hungry.
(D) Dungeon
Where to? (Enter - D:2, ? - help)
There is a stone staircase leading down here.
You climb downwards.
There is a stone staircase leading up here.
Found a stone staircase leading down.
An adder comes into view.
The adder hisses angrily.
Found 3 boomerangs.
Casting: Magic Dart (safe; 5% risk of failure)
Confirm with . or Enter, or press ? or * to list all spells.
You miscast Call Imp.
You are very lightly contaminated with residual magic.
Nothing appears to happen.
The adder bites you.
You are poisoned.
The adder poisons you! The adder misses you.
Casting: Call Imp (safe; 16% risk of failure)
Confirm with . or Enter, or press ? or * to list all spells.
A shadowy apparition takes form in the air.
You feel sick. The adder misses you.
You closely miss the adder. The adder barely misses you.
Your shadow imp closely misses the adder.
You miss the adder. The adder closely misses you.
Your shadow imp gestures at the adder.
The adder writhes in agony.
The adder barely misses you.
You closely miss the adder.
The adder is moderately wounded.
You feel sick. The adder closely misses you.
Your shadow imp misses the adder.
You closely miss the adder.
The adder is moderately wounded.
The adder completely misses you.
Your shadow imp hits the adder.
You hit the adder but do no damage.
The adder is heavily wounded.
The adder misses you.
Your shadow imp hits the adder.
You hit the adder.
Your tail-slap misses the adder.
The adder is severely wounded.
The adder closely misses you. The adder barely misses you.
Your shadow imp misses the adder.
You miss the adder.
The adder is severely wounded.
You feel sick. The adder bites you.
You are more poisoned.
The adder poisons you!
Your shadow imp hits the adder but does no damage.
You hit the adder but do no damage.
The adder is severely wounded.
The adder barely misses you.
Your shadow imp gestures at the adder.
The adder writhes in agony.
You hit the adder but do no damage.
The adder is almost dead.
You feel sick. The adder completely misses you. The adder bites you.
* * * LOW HITPOINT WARNING * * *
Your shadow imp closely misses the adder.
You closely miss the adder.
The adder is almost dead.
The adder bites you but does no damage.
Your shadow imp closely misses the adder.
You barely miss the adder.
The adder is almost dead.
* * * LOW HITPOINT WARNING * * *
You feel sick. The adder barely misses you.
Your shadow imp hits the adder.
The adder dies!
It was a potion of might.
You feel very mighty all of a sudden.
You aren't carrying any potions.
Unknown command.
* * * LOW HITPOINT WARNING * * *
You feel sick.
* * * LOW HITPOINT WARNING * * *
You feel sick.
* * * LOW HITPOINT WARNING * * *
You feel sick.
There is a stone staircase leading up here.
Your magical contamination has completely faded away.
You climb upwards.
Your summoned ally is left behind.
* * * LOW HITPOINT WARNING * * *
You feel sick.
There is a stone staircase leading down here.
Wield which item (- for none, * to show all)? (? for menu, Esc to quit)
Okay, then.
You swing at nothing.
You swing at nothing.
You swing at nothing.
You swing at nothing.
You die...

.######...#................#
.# #........#...........# .#
#...##...#...........# .#
#...^................#
.######...##.....#.........#
...........#............####
###.####...#............#
###.....................#
##..............@######.#
##.#######.......# #.##
...............########..#
##.#######.....# #..##..####
#.....# #.....# #..#...'..#
#.....# #.....# #..#..##.<#
#.....###.....###..'..##..#
#.....).........####..#####
#.....###.#+#.#.#.'..######


There were no monsters in sight!

Vanquished Creatures
  3 giant cockroaches (D:1)
  3 goblins (D:1)
  2 hobgoblins (D:1)
  4 kobolds (D:1)
  3 bats (D:1)
  2 frilled lizards (D:1)
  3 rats (D:1)
20 creatures vanquished.

Vanquished Creatures (collateral kills)
  An adder (D:2)
1 creature vanquished.

Grand Total: 21 creatures vanquished

Notes
Turn   | Place    | Note
-------+----------+-------------------------------------------
     0 | D:1      | EnegeticOcto the Draconian Wizard began the quest for the
                  | Orb.
     0 | D:1      | Reached XP level 1. HP: 14/14 MP: 4/4
   339 | D:1      | Reached XP level 2. HP: 20/20 MP: 3/6
   401 | D:1      | Learned a level 2 spell: Call Imp
   404 | D:1      | Learned a level 2 spell: Blink
  1165 | D:1      | HP: 1/20 [poisoned by an adder]
  1169 | D:1      | Succumbed to an adder's poison

Levels and vault maps discovered:
D:1:      dpeg_arrival_short_road, layout_basic
D:2:      layout_basic, overflow_temple_1_default,
          lemuel_coloured_pillars_altar, lemuel_doored_altar

Skill      XL: |  1 |
---------------+----+-----
Conjurations   | 2 |  2.9
Dodging        | |  1.7
Stealth        | |  1.7
Spellcasting   | |  3.0
Summonings     | |  1.0
Translocations | |  1.0

Action                   || total
-------------------------++-------
Melee: Unarmed           ||    12
       Tailslap          ||     1
       Dagger            ||    11
 Cast: Magic Dart        ||    39
       Call Imp          ||     1
  Use: Scroll            ||     2
       Potion            ||     1
Armor: Skin              ||     8
Dodge: Dodged            ||    25

Table legend:
 A = Non-vault XP
 B = Vault XP
 C = Vault XP percentage of total XP
 D = Non-vault monster count
 E = Vault monster count
 F = Vault count percentage of total count
                 A         B        C        D         E       F
            +---------+---------+-------+---------+---------+-------
      Total |      38 |       0 |   0.0 |      21 |       0 |   0.0
            +---------+---------+-------+---------+---------+-------
        D:1 |      30 |       0 |   0.0 |      20 |       0 |   0.0
        D:2 |       8 |       0 |   0.0 |       1 |       0 |   0.0
            +---------+---------+-------+---------+---------+-------
